 Dungeon Crawl Stone Soup version 0.29-a0-872-g797fff5ad1 (webtiles) character file.

Game seed: 10072126366291628142

183 Brotato the Sneak (level 5, -5/28 HPs)
             Began as a Spriggan Brigand on July 19, 2022.
             Slain by an iguana (13 damage)
             ... on level 4 of the Dungeon.
             The game lasted 00:04:01 (2908 turns).

Brotato the Sneak (Spriggan Brigand)                Turns: 2908, Time: 00:04:01

Health: -5/28      AC:  3    Str:  7    XL:     5   Next: 35%
Magic:  6/6        EV: 18    Int: 13    God:
Gold:   162        SH:  0    Dex: 18    Spells: 4/4 levels left

rFire   . . .      SeeInvis +   a - +2 dagger
rCold   . . .      Faith    .   (no shield)
rNeg    . . .      Spirit   .   b - +0 robe
rPois   .          Reflect  .   (helmet restricted)
rElec   .          Harm     .   c - +0 cloak
rCorr   .          Rampage  .   (gloves unavailable)
Will    .....                   (boots unavailable)
Stlth   ++++......              s - amulet of regeneration
HPRegen 0.89/turn               (no ring)
MPRegen 0.10/turn               (no ring)

@: very quick
A: very small, no large weapons, unfitting armour, see invisible, speed 3
a: no special abilities


You were on level 4 of the Dungeon.
You visited 1 branch of the dungeon, and saw 4 of its levels.

You collected 162 gold pieces.

Inventory:

Hand Weapons
 a - a +2 dagger (weapon)
Missiles
 d - 13 poisoned darts (quivered)
 e - 9 curare-tipped darts
Armour
 b - a +0 robe (worn)
 c - a +0 cloak (worn)
Jewellery
 s - an amulet of regeneration (around neck)
 t - a ring of resist corrosion
 x - an amulet of the acrobat
Scrolls
 g - a scroll of vulnerability {unknown}
 i - a scroll of fear {unknown}
 j - 2 scrolls of identify {unknown}
 m - a scroll of silence {unknown}
 n - a scroll of noise {unknown}
 o - 5 scrolls of teleportation {unknown}
 p - a scroll of enchant weapon {unknown}
 r - a scroll of fog {unknown}
 u - a scroll of amnesia {unknown}
 v - a scroll of blinking {unknown}
 y - a scroll of summoning {unknown}
Potions
 f - a potion of lignification {unknown}
 h - 2 potions of degeneration {unknown}
 k - 2 potions of attraction {unknown}
 l - 3 potions of curing {unknown}
 q - 2 potions of brilliance {unknown}
 w - a potion of resistance {unknown}
 z - a potion of might {unknown}
 A - a potion of cancellation {unknown}
 B - a potion of flight {unknown}


   Skills:
 * Level 3.1 Fighting
 + Level 3.3 Short Blades
 - Level 2.0 Throwing
 + Level 3.2 Dodging
 + Level 6.9 Stealth


You had 4 spell levels left.
You didn't know any spells.
Your spell library contained the following spells:

 Spells                   Type           Power      Damage    Failure   Level
 Apportation              Tloc           0%         N/A       30%         1
 Sting                    Tmut/Pois      0%         1d3       30%         1
 Poisonous Vapours        Pois/Air       0%         N/A       43%         2
 Olgreb's Toxic Radiance  Pois           0%         N/A       97%         4
 Alistair's Intoxication  Tmut/Pois      0%         N/A       100%        5


Dungeon Overview and Level Annotations

Branches:
Dungeon (4/15)
 Temple: D:4-7

Altars:
Cheibriados
Yredelemnul

Shops:
D:3 ?


Innate Abilities, Weirdness & Mutations

You are very small and have problems with some larger weapons.
You are too small for most types of armour.
You have supernaturally acute eyesight. (SInv)
You cover ground extremely quickly. (Speed+++)


Message History

The iguana is lightly wounded.
The iguana bites you! The goblin misses you.
You are too injured to fight recklessly!
You are too injured to fight recklessly!
You are too injured to fight recklessly!
You are too injured to fight recklessly!
You are too injured to fight recklessly!
You are too injured to fight recklessly!
You are too injured to fight recklessly!
You are too injured to fight recklessly!
You are too injured to fight recklessly!
You are too injured to fight recklessly!
You are too injured to fight recklessly!
You are too injured to fight recklessly!
You are too injured to fight recklessly!
You are too injured to fight recklessly!
You are too injured to fight recklessly!
You are too injured to fight recklessly!
You are too injured to fight recklessly!
You are too injured to fight recklessly!
You are too injured to fight recklessly!
You hit the iguana.
The iguana is moderately wounded.
You hit the iguana but do no damage.
The iguana is moderately wounded.
The iguana closely misses you.
You hit the iguana.
The iguana is heavily wounded.
The iguana bites you!
* * * LOW HITPOINT WARNING * * *
You hit the iguana but do no damage.
The iguana is heavily wounded.
The iguana misses you.
You completely miss the iguana.
The iguana is heavily wounded.
The iguana completely misses you.
You closely miss the iguana.
The iguana is heavily wounded.
The iguana bites you!
You die...

.##.........#.#
...†..........# ##
)..........###. #. ##
###........# .#. #. .. #
#.###....###..# #. .. #
#.# ##......# .#. .#
###.# #.[..#.# #.#.#
....# ##.....###l..#
#########..###..@#.#...#
........[..###.#.#$# #.#
##########..##...###...#
#..............
#.##......###.#
#..#..........
##.#......#### .#......#
........#


You could see an iguana.

Vanquished Creatures
  2 hounds
  An iguana (D:4)
  6 adders
  A dart slug (D:3)
  7 ball pythons
  4 endoplasms
  2 goblins
  5 hobgoblins
  2 jackals (D:1)
  4 kobolds
  3 bats
  A frilled lizard (D:2)
  6 rats
44 creatures vanquished.

Notes
Turn   | Place    | Note
-------+----------+-------------------------------------------
     0 | D:1      | Brotato the Spriggan Brigand began the quest for the Orb.
     0 | D:1      | Reached XP level 1. HP: 10/10 MP: 2/2
   274 | D:1      | Found a faded altar of an unknown god.
   291 | D:1      | Reached skill level 6 in Stealth
   351 | D:1      | Reached XP level 2. HP: 6/15 MP: 3/3
  1184 | D:2      | Reached XP level 3. HP: 17/18 MP: 4/4
  1280 | D:2      | Found a snail-covered altar of Cheibriados.
  1905 | D:3      | Found a basalt altar of Yredelemnul.
  1974 | D:3      | Reached XP level 4. HP: 23/23 MP: 5/5
  2582 | D:3      | Found Boexkes's Magic Scroll Shoppe.
  2734 | D:4      | Reached XP level 5. HP: 5/28 MP: 6/6
  2908 | D:4      | Slain by an iguana

Illustrated notes

Levels and vault maps discovered:
D:1:      matt_arrival_spirals, layout_rooms, chequers_ecumenical_altar_island,
          corexii_item_surrounded_by_moat
D:2:      layout_loops_ring, basic_altar
D:3:      layout_basic, mainiacjoe_overflow_small_starburst, serial_shops, shop
D:4:      layout_basic, serial_shops, shop, minmay_starry_boxes

Skill      XL: |  1  2  3  4 |
---------------+-------------+-----
Stealth        | 6 |  6.9
Fighting       | 2 3 |  3.1
Dodging        | 2 3 |  3.2
Short Blades   | 3 |  3.3
Throwing       | |  2.0

Action                   |  1- 3 |  4- 6 || total
-------------------------+-------+-------++-------
Melee: Dagger            |    95 |    80 ||   175
Throw: Dart              |       |     4 ||     4
 Stab: Sleeping          |    12 |     3 ||    15
Armor: Robe              |    11 |     4 ||    15
Dodge: Dodged            |    65 |    57 ||   122

Table legend: (Time is in decaauts)
 A = Elapsed time spent in this place.
 B = Non-inter-level travel time spent in this place.
 C = Inter-level travel time spent in this place.
 D = Time resting spent in this place.
 E = Time spent auto-exploring this place.
 F = Levels seen in this place.
 G = Mean time per level.
                   A        B        C        D        E       F      G
               +--------+--------+--------+--------+--------+-----+--------+
         Total |   2049 |   2013 |     36 |     25 |   1630 |   4 |  512.2 |
       Dungeon |   2049 |   2013 |     36 |     25 |   1630 |   4 |  512.2 |
               +--------+--------+--------+--------+--------+-----+--------+

Top non-repeatable levels by time:
     D:1: 646 daAuts
     D:2: 606 daAuts
     D:3: 571 daAuts
     D:4: 224 daAuts
